 Dungeon Crawl Stone Soup version 0.29.0-11-gd7f09526c8 (webtiles) character file.

Game seed: 2490454460262563627

96558 Arcadio the Eclecticist (level 15, -10/64 HPs)
             Began as a Deep Elf Conjurer on Sept 2, 2022.
             Was a High Priest of Hepliaklqana.
             Killed by an exploding fulminant prism (55 damage)
             ... on level 14 of the Dungeon on Sept 3, 2022.
             The game lasted 02:46:28 (44192 turns).

Arcadio the Eclecticist (Deep Elf Conjurer)        Turns: 44192, Time: 02:46:29

Health: -10/64     AC: 13    Str:  4    XL:     15   Next: 69%
Magic:  14/41      EV: 14    Int: 43    God:    Hepliaklqana [*****.]
Gold:   1387       SH:  5    Dex: 13    Spells: 19/54 levels left

rFire   + . .      SeeInvis .   K - +8 morningstar "Gepsy" {vorpal, rPois Will+}
rCold   . . .      Faith    .   (no shield)
rNeg    . . .      Spirit   .   u - +2 leather armour {rF+}
rPois   +          Reflect  +   J - +1 hat "Odarr" {Will++}
rElec   .          Harm     .   H - +2 cloak
rCorr   .          Rampage  .   G - +0 pair of gloves
Will    ++++.                   D - +2 pair of boots
Stlth   ++........              N - amulet of reflection
HPRegen 0.20/turn               O - +6 ring of intelligence
MPRegen 0.27/turn               M - +6 ring of intelligence

@: no status effects
A: reduced essence
a: Renounce Religion, Recall Ancestor, Ancestor Identity, Transference, Idealise


You were on level 14 of the Dungeon.
You worshipped Hepliaklqana.
Hepliaklqana was extremely pleased with you.
You visited 4 branches of the dungeon, and saw 22 of its levels.

You collected 3160 gold pieces.
You spent 1773 gold pieces at shops.

Inventory:

Hand Weapons
 i - a +2 vampiric great sword
 z - a +3 scimitar of freezing
 K - the +8 morningstar "Gepsy" (weapon) {vorpal, rPois Will+}
   (You bought it in a shop on level 2 of the Orcish Mines)

   It inflicts extra damage upon your enemies.
   rPois:     It protects you from poison.
   Will:      It increases your willpower.
 L - a +5 falchion
Armour
 q - a +2 robe of positive energy
 u - a +2 leather armour of fire resistance (worn)
 A - a +2 robe of the Archmagi
 D - a +2 pair of boots (worn)
 E - a +2 robe of willpower
 G - a +0 pair of gloves (worn)
 H - a +2 cloak (worn)
 I - a +0 ring mail of cold resistance
 J - the +1 hat "Odarr" (worn) {Will++}
   (You found it on level 12 of the Dungeon)

   Will:      It greatly increases your willpower.
Jewellery
 c - a ring of positive energy
 r - the ring "Joluwayn" {Fly rCorr Dex+5}
   (You took it off a centaur on level 12 of the Dungeon)

   [ring of flight]

   Dex:       It affects your dexterity (+5).
   Fly:       It grants you flight.
   rCorr:     It protects you from acid and corrosion.
 y - the ring of the Doge {rF+ Int+2}
   (You took it off an efreet on level 12 of the Dungeon)

   [ring of protection from fire]

   Int:       It affects your intelligence (+2).
   rF:        It protects you from fire.
 F - an amulet of the acrobat
 M - a +6 ring of intelligence (right hand)
 N - an amulet of reflection (around neck)
 O - a +6 ring of intelligence (left hand)
Wands
 a - a wand of acid (5)
 t - a wand of flame (21)
 w - a wand of paralysis (27)
 W - a wand of roots (5)
 Z - a wand of mindburst (5)
Scrolls
 d - a scroll of immolation
 e - 2 scrolls of enchant armour
 f - 3 scrolls of fear
 g - 4 scrolls of blinking
 h - 5 scrolls of silence
 j - 3 scrolls of butterflies
 k - 2 scrolls of summoning
 p - 6 scrolls of enchant weapon
 s - 2 scrolls of poison
 x - a scroll of amnesia
 C - 10 scrolls of teleportation
 X - a scroll of magic mapping
Potions
 b - 2 potions of magic
 l - 5 potions of brilliance
 m - 11 potions of curing
 n - 4 potions of invisibility
 o - 6 potions of ambrosia
 v - 5 potions of might
 B - 3 potions of cancellation
 P - a potion of lignification
 Q - a potion of berserk rage
 R - a potion of flight {unknown}
 T - a potion of haste


   Skills:
 - Level 7.9 Dodging
 - Level 2.4 Stealth
 + Level 20.0 Spellcasting
 + Level 17.5 Conjurations
 - Level 16.7 Hexes
 - Level 3.8 Air Magic
 + Level 5.1 Earth Magic
 - Level 10.5 Invocations


You had 19 spell levels left.
You knew the following spells:

 Your Spells              Type           Power      Damage    Failure   Level
a - Searing Ray           Conj           100%       2d8       0%          2
b - Fulminant Prism       Conj/Hex       56%        3d25      0%          4
c - Lightning Bolt        Conj/Air       47%        1d67      1%          5
d - Irradiate             Conj/Tmut      43%        3d26      1%          5
e - Iskenderun's Mystic   Conj/Tloc      87%        2d17      1%          4
f - Magic Dart            Conj           100%       1d8       0%          1
g - Slow                  Hex            100%       N/A       0%          1
h - Dazzling Flash        Conj/Hex       100%       N/A       0%          3
i - Blink                 Tloc           86%        N/A       1%          2
j - Lehudib's Crystal Sp  Conj/Erth      48%        10d11     52%         8

Your spell library contained the following spells:

 Spells                   Type           Power      Damage    Failure   Level
 Confusing Touch          Hex            100%       N/A       0%          3
 Apportation              Tloc           86%        N/A       1%          1
 Beastly Appendage        Tmut           86%        N/A       1%          1
 Freeze                   Ice            100%       1d11      1%          1
 Poisonous Vapours        Pois/Air       100%       N/A       1%          2
 Wereblood                Tmut           43%        N/A       1%          2
 Airstrike                Air            33%        2d(5-21)  1%          4
 Hailstorm                Conj/Ice       87%        3d17      1%          4
 Silence                  Hex/Air        46%        N/A       1%          5
 Summon Mana Viper        Hex/Summ       86%        N/A       1%          5
 Frozen Ramparts          Ice            86%        1d13      2%          3
 Gell's Gravitas          Tloc           43%        N/A       2%          3
 Lesser Beckoning         Tloc           43%        N/A       2%          3
 Spider Form              Tmut/Pois      43%        N/A       2%          3
 Teleport Other           Tloc           43%        N/A       2%          3
 Vampiric Draining        Necr           43%        2d9       2%          3
 Summon Lightning Spire   Summ/Air       56%        N/A       4%          4
 Corpse Rot               Necr/Pois/Air  52%        N/A       5%          4
 Ice Form                 Ice/Tmut       43%        N/A       9%          4
 Passage of Golubria      Tloc           43%        N/A       9%          4
 Summon Ice Beast         Ice/Summ       43%        N/A       9%          4
 Alistair's Intoxication  Tmut/Pois      28%        N/A       26%         5
 Blade Hands              Tmut           21%        N/A       26%         5
 Manifold Assault         Tloc           43%        N/A       26%         5
 Summon Forest            Summ/Tloc      21%        N/A       26%         5
 Summon Cactus Giant      Summ           21%        N/A       80%         6
 Dragon Form              Tmut           21%        N/A       100%        7
 Monstrous Menagerie      Summ           21%        N/A       100%        7


Dungeon Overview and Level Annotations

Branches:
Dungeon (14/15) Zot: 25274  Temple (1/1) D:4 Zot: 5797    Lair (5/5) D:8 Zot: 17777
  Swamp (0/4) Lair:2       Spider (0/4) Lair:3        Slime (0/5) Lair:5
    Orc (2/2) D:12 Zot: 7902     Elf (0/3) Orc:2        Vaults (0/5) D:13

Altars:
Ashenzari
Cheibriados
Dithmenos
Elyvilon
Fedhas
Gozag
Hepliaklqana
Kikubaaqudgha
Makhleb
Nemelex Xobeh
Okawaru
Qazlal
Ru
Sif Muna
Trog
Uskayaw
Vehumet
Wu Jian
Xom
Yredelemnul
Zin
The Shining One

Shops:
D:1 *   D:8 =   D:9 [*   D:14 (   Orc:1 [   Orc:2 (=**

Portals:
Pandemonium: Orc:2

Annotations:
D:3 2 runed translucent doors, SlaveLabor's ghost, amateur DEAE
D:7 2 transporters, Lochraine's ghost, journeyman FoFi
D:13 exclusion: downstairs
D:14 Agnes
Lair:4 1 runed translucent door, AmberJosephineLiu's ghost, journeyman MeFE
Lair:5 1 runed translucent door


Message History

Confirm with . or Enter, or press ? or * to list all spells.
Aiming: Lightning Bolt (dangerous; 1% risk of failure)
Press: ? - help, Shift-Dir - straight line, f/p - Agnes
Aim: Agnes, wielding a +0 lajatang, wearing a +0 robe and quivering stones (lightly wounded, ally target, 33% to hit)
You hear a mighty clap of thunder!
Lux avoids your attack.
The bolt of lightning hits Agnes!!
Agnes is moderately wounded.
You feel better.
Agnes throws a stone.
The stone hits Lux!
Okay, then.
You feel better.
Lux blocks Agnes's attack. x2
Lux hits Agnes with a +0 broad axe of flaming!
Lux burns Agnes.
Casting: Lightning Bolt (dangerous; 1% risk of failure)
Confirm with . or Enter, or press ? or * to list all spells.
Okay, then.
Casting: Lightning Bolt (dangerous; 1% risk of failure)
Confirm with . or Enter, or press ? or * to list all spells.
Aiming: Fulminant Prism (safe; 0% risk of failure)
Press: ? - help, Dir - move target, p - Agnes You conjure a prism of explosive energy!
A fulminant prism comes into view.
Agnes throws a stone.
Lux blocks the stone.
Agnes throws a stone.
The stone hits Lux!
Lux completely misses Agnes.
Agnes hits Lux with a +0 lajatang!
Agnes bows.
Agnes closely misses Lux.
Lux completely misses Agnes.
Your fulminant prism crackles loudly.
Casting: Fulminant Prism (safe; 0% risk of failure)
Confirm with . or Enter, or press ? or * to list all spells.
Aiming: Lightning Bolt (dangerous; 1% risk of failure)
Press: ? - help, Shift-Dir - straight line, f - Agnes
Aim: Agnes, wielding a +0 lajatang, wearing a +0 robe and quivering stones (moderately wounded, ally target, 33% to hit)
You hear a mighty clap of thunder!
Lux avoids your attack.
The bolt of lightning hits Agnes!!
Agnes is heavily wounded.
Agnes closely misses Lux.
Lux misses Agnes.
Agnes hits Lux but does no damage.
Your fulminant prism explodes!
Lux avoids your attack. The blast of energy engulfs you!!!
Ouch! That really hurt!
You die...

########################
#.............).........
#...............†.......
#.......................
#.......................
#....!.@................
#..[................####
....##R#.########....#
... #.i### #....# = #..
#....# #.. #....# #..
#..


You could see the friendly Lux the knight and Agnes (ally target).

Vanquished Creatures
  Gastronok (Lair:3)
  Nessos (D:14)
  A hydra (Lair:1)
  Josephine (Lair:3)
  4 boulder beetles
  3 centaur warriors
  5 catoblepae
  2 demonspawn (Orc:2)
  Erica (D:8)
  An ogre mage (D:13)
  5 two-headed ogres
  10 death yaks
  5 orc high priests (Orc:2)
  A deep elf knight (D:13)
  An orb spider (Lair:3)
  A skeletal warrior (D:13)
  3 orc knights
  2 deep elf pyromancers
  A deep elf zephyrmancer (D:13)
  5 ugly things
  3 orc sorcerers (Orc:2)
  5 manticores
  2 cyclopes
  A black mamba (Lair:3)
  4 elephants (Lair:2)
  Joseph (D:9)
  A smoke demon (Orc:2)
  3 gargoyles (D:12)
  4 cane toads
  2 rime drakes
  An unseen horror (D:9)
  A centaur skeleton (D:13)
  An efreet (D:12)
  A kobold demonologist (D:12)
  A tengu conjurer (D:13)
  2 komodo dragons
  2 yaktaurs (D:12)
  A freezing wraith (D:12)
  7 trolls
  2 polar bears
  8 blink frogs
  6 dream sheep (Lair:2)
  Sigmund (D:3)
  32 yaks
  4 wyverns
  4 basilisks
  3 vampire mosquitoes (D:11)
  3 steam dragons
  A neqoxec (Orc:2)
  3 wargs
  An acid dragon (D:13)
  11 water moccasins
  20 orc warriors
  A black bear (D:4)
  5 ogres
  11 wolves
  8 centaurs
  3 lemures (D:9)
  A phantom (D:6)
  4 kobold brigands
  3 scorpions (D:5)
  A necrophage (D:5)
  10 bullfrogs
  3 gnoll sergeants
  18 wights
  8 killer bees
  2 howler monkeys (D:7)
  An electric eel (Lair:2)
  3 hounds
  A jelly (D:5)
  15 orc priests
  Terence (D:3)
  15 orc wizards
  Natasha (thrice) (D:2)
  An iguana (D:6)
  2 hell rats (Lair:1)
  9 adders
  6 gnolls
  A shadow imp (D:7)
  A white imp (D:6)
  2 worms
  3 dart slugs
  33 orcs
  9 ball pythons
  5 bats
  6 endoplasms
  3 giant cockroaches
  4 goblins
  8 hobgoblins
  6 jackals
  3 quokkas
  3 frilled lizards (D:1)
  22 kobolds
  6 rats
446 creatures vanquished.

Vanquished Creatures (collateral kills)
  Rupert (D:14)
  A deep elf annihilator (D:12)
  A hydra (D:11)
  A centaur warrior (D:13)
  A demonspawn (Orc:2)
  An ogre mage (D:13)
  7 two-headed ogres
  An orc high priest (Orc:2)
  2 death yaks (Lair:2)
  A sixfirhy (Orc:2)
  A goliath frog (shapeshifter) (D:12)
  3 orc knights
  Pikel (D:9)
  A deep elf pyromancer (D:12)
  7 ugly things
  2 orc sorcerers (Orc:2)
  2 elephants (Lair:2)
  A manticore (D:12)
  A black mamba (Lair:2)
  4 gargoyles
  2 centaur skeletons (D:13)
  4 cane toads
  An unseen horror (D:12)
  Psyche (D:11)
  A rime drake (Lair:4)
  5 komodo dragons
  3 trolls
  A wind drake (shapeshifter) (D:14)
  A polar bear (shapeshifter) (D:14)
  7 blink frogs
  2 shadows
  5 wraiths
  22 yaks
  A steam dragon (D:6)
  2 vampire mosquitoes (D:11)
  Menkaure (D:7)
  A warg (Orc:2)
  5 water moccasins
  2 black bears
  13 orc warriors
  3 ogres
  5 centaurs
  A lemure (D:9)
  2 kobold brigands
  A gnoll sergeant (D:13)
  A necrophage (D:5)
  3 bullfrogs
  A scorpion (D:4)
  7 wights
  A killer bee (D:10)
  A howler monkey (D:9)
  11 orc priests
  Crazy Yiuf (D:7)
  An iguana (D:6)
  9 orc wizards
  2 hell rats (Lair:1)
  A boggart skeleton (D:13)
  7 gnolls
  33 orcs
  6 kobolds
  A frilled lizard (D:14)
218 creatures vanquished.

Vanquished Creatures (others)
  2 shadows (D:12)
  A centaur simulacrum (D:12)
  13 knights
  An orc (Orc:2)
  3 bushes
  100 fulminant prisms
  22 fungi
  88 plants
230 creatures vanquished.

Grand Total: 894 creatures vanquished

Notes
Turn   | Place    | Note
-------+----------+-------------------------------------------
     0 | D:1      | Arcadio the Deep Elf Conjurer began the quest for the Orb.
     0 | D:1      | Reached XP level 1. HP: 10/10 MP: 6/6
   139 | D:1      | Reached XP level 2. HP: 15/15 MP: 5/8
   363 | D:1      | Found Otet's Assorted Antiques.
   678 | D:1      | Learned a level 2 spell: Searing Ray
  1183 | D:2      | Reached XP level 3. HP: 19/19 MP: 6/10
  1535 | D:2      | Found a faded altar of an unknown god.
  1609 | D:2      | Noticed Natasha
  1613 | D:2      | Killed Natasha
  1614 | D:2      | Reached skill level 4 in Spellcasting
  1614 | D:2      | Reached skill level 5 in Conjurations
  1683 | D:2      | Noticed Natasha
  1686 | D:2      | Killed Natasha
  1687 | D:2      | Reached XP level 4. HP: 16/24 MP: 7/12
  1905 | D:2      | Noticed Natasha
  1911 | D:2      | Killed Natasha
  2048 | D:2      | Learned a level 3 spell: Dazzling Flash
  2053 | D:2      | Learned a level 4 spell: Fulminant Prism
  2236 | D:2      | Identified the +6 battleaxe "Zovummal" {spect, *Slow Fly
                  | MP+9}
  2431 | D:3      | Found a runed translucent door.
  2437 | D:3      | Noticed SlaveLabor's ghost (amateur DEAE)
  2502 | D:3      | Found a burning altar of Makhleb.
  2649 | D:3      | Found an ancient bone altar of Kikubaaqudgha.
  2683 | D:3      | Found a runed translucent door.
  2759 | D:3      | Reached XP level 5. HP: 28/28 MP: 10/14
  2865 | D:3      | Noticed Sigmund
  3457 | D:3      | Noticed Terence
  3464 | D:3      | Killed Terence
  3465 | D:3      | Reached skill level 5 in Spellcasting
  4084 | D:3      | Killed Sigmund
  4085 | D:3      | Reached skill level 5 in Dodging
  4085 | D:3      | Reached XP level 6. HP: 18/32 MP: 9/16
  4521 | D:3      | Learned a level 1 spell: Slow
  4707 | D:4      | Found a staircase to the Ecumenical Temple.
  4713 | Temple   | Entered the Ecumenical Temple
  4888 | Temple   | Became a worshipper of Hepliaklqana the Forgotten
  4989 | D:4      | Reached skill level 6 in Spellcasting
  5529 | D:4      | Reached * piety under Hepliaklqana
  5883 | D:4      | Reached XP level 7. HP: 32/32 MP: 12/18
  6651 | D:5      | Entered Level 5 of the Dungeon
  6933 | D:5      | Reached skill level 7 in Spellcasting
  7408 | D:5      | Reached XP level 8. HP: 36/36 MP: 14/21
  7648 | D:5      | Reached skill level 8 in Spellcasting
  8016 | D:5      | Reached ** piety under Hepliaklqana
  8017 | D:5      | Remembered your ancestor Lux as a knight
  8559 | D:6      | Reached skill level 1 in Hexes
  8606 | D:6      | Reached skill level 9 in Spellcasting
  9281 | D:7      | Reached XP level 9. HP: 19/40 MP: 16/24
  9970 | D:7      | Reached skill level 10 in Spellcasting
  9976 | D:7      | Identified the +9 trident of the Lair of Beasts {venom,
                  | *Slow rElec rPois Dex-3}
  9976 | D:7      | Identified the +3 buckler of the Mind {-Cast rC+++ Will-
                  | Regen+}
  9976 | D:7      | Identified the amulet "Kimapa" {Rampage Regen+}
  9980 | D:7      | Noticed Lochraine's ghost (journeyman FoFi)
 10080 | D:7      | Reached skill level 5 in Hexes
 10221 | D:7      | Noticed a brown ugly thing
 10230 | D:7      | Killed a brown ugly thing
 10434 | D:7      | Reached skill level 10 in Conjurations
 10738 | D:7      | Found a transporter.
 10745 | D:7      | Learned a level 5 spell: Irradiate
 10769 | D:7      | Found a transporter.
 10780 | D:7      | Noticed Menkaure
 10785 | D:7      | Killed Menkaure
 10786 | D:7      | Reached skill level 11 in Spellcasting
 10858 | D:7      | Found a runed translucent door.
 10859 | D:7      | Noticed Crazy Yiuf
 11433 | D:7      | Killed Crazy Yiuf
 11530 | D:8      | Reached XP level 10. HP: 45/45 MP: 20/27
 11856 | D:8      | Found Wabben's Jewellery Emporium.
 12014 | D:8      | Reached *** piety under Hepliaklqana
 12117 | D:8      | Found a staircase to the Lair.
 12356 | D:8      | Noticed Erica
 12365 | D:8      | Killed Erica
 12809 | D:9      | Noticed Joseph
 13727 | Lair:1   | Entered Level 1 of the Lair of Beasts
 13925 | Lair:1   | Reached skill level 12 in Spellcasting
 14488 | Lair:1   | Noticed an eight-headed hydra
 14530 | Lair:1   | Killed an eight-headed hydra
 14531 | Lair:1   | Reached skill level 13 in Spellcasting
 14535 | Lair:1   | Reached XP level 11. HP: 48/48 MP: 10/30
 15291 | Lair:2   | Reached skill level 10 in Hexes
 15616 | Lair:1   | Learned a level 4 spell: Iskenderun's Mystic Blast
 15622 | Lair:1   | Learned a level 5 spell: Lightning Bolt
 16123 | Lair:2   | Reached skill level 1 in Invocations
 16204 | Lair:2   | Found a staircase to the Swamp.
 16754 | Lair:2   | Found a stormy altar of Qazlal.
 16765 | Lair:2   | Noticed a death yak
 16765 | Lair:2   | Noticed a death yak
 16765 | Lair:2   | Noticed a death yak
 16766 | Lair:2   | Noticed a death yak
 16776 | Lair:2   | Noticed a death yak
 16779 | Lair:2   | Reached skill level 14 in Spellcasting
 16790 | Lair:2   | Killed a death yak
 17066 | Lair:2   | Killed a death yak
 17437 | Lair:2   | Killed a death yak
 17462 | Lair:2   | Killed a death yak
 17463 | Lair:2   | Reached skill level 5 in Invocations
 17463 | Lair:2   | Reached XP level 12. HP: 53/53 MP: 8/32
 17540 | Lair:2   | Killed a death yak
 17867 | Lair:3   | Noticed Josephine
 18221 | Lair:3   | Reached skill level 15 in Spellcasting
 18616 | Lair:3   | Found a hole to the Spider Nest.
 18866 | Lair:3   | Noticed Gastronok
 18914 | Lair:3   | Killed Josephine
 19874 | Lair:3   | Killed Gastronok
 19875 | Lair:3   | Reached skill level 16 in Spellcasting
 20559 | Lair:3   | Reached **** piety under Hepliaklqana
 20665 | Lair:3   | Reached XP level 13. HP: 56/56 MP: 31/35
 20936 | D:8      | Bought a +6 ring of intelligence for 360 gold pieces
 22246 | Lair:4   | Found a runed translucent door.
 22248 | Lair:4   | Noticed AmberJosephineLiu's ghost (journeyman MeFE)
 22844 | Lair:5   | Entered Level 5 of the Lair of Beasts
 24091 | Lair:5   | Found a runed translucent door.
 24096 | Lair:5   | Found a staircase to the Slime Pits.
 24517 | Lair:5   | Reached skill level 17 in Spellcasting
 24765 | Lair:5   | Reached skill level 15 in Conjurations
 24802 | Lair:5   | Reached skill level 15 in Hexes
 26230 | D:9      | Killed Joseph
 26311 | D:9      | You fall into a shaft and drop 2 floors!
 26330 | D:10     | Entered Level 10 of the Dungeon
 26813 | D:9      | Noticed Pikel
 26822 | D:9      | Killed Pikel
 27189 | D:9      | Reached ***** piety under Hepliaklqana
 27306 | D:9      | Found Paprah's Assorted Antiques.
 27537 | D:9      | Found Xas Notu's Superior Scales.
 27598 | D:9      | Found a runed translucent door.
 27611 | D:9      | Reached XP level 14. HP: 61/61 MP: 17/37
 29189 | D:11     | Noticed Psyche
 29195 | D:11     | Killed Psyche
 30317 | D:12     | Identified the +2 robe "Norroin" {Harm}
 30849 | D:12     | Found a staircase to the Orcish Mines.
 30869 | D:12     | Reached skill level 18 in Spellcasting
 30924 | D:12     | Identified the +1 hat "Odarr" {Will++}
 31755 | D:12     | Identified the ring "Joluwayn" {Fly rCorr Dex+5}
 33079 | D:12     | Identified the ring of the Doge {rF+ Int+2}
 34437 | D:12     | Learned a level 2 spell: Blink
 34660 | Orc:1    | Entered Level 1 of the Orcish Mines
 34757 | Orc:1    | Reached skill level 1 in Air Magic
 35681 | Orc:1    | Found Morugrarph's Antique Armour Shop.
 35718 | Orc:2    | Entered Level 2 of the Orcish Mines
 35718 | Orc:2    | Found a staircase to the Elven Halls.
 36964 | Orc:2    | Found a shimmering blue altar of Sif Muna.
 37230 | Orc:2    | Found Purph's General Store.
 37518 | Orc:2    | Found Oxtet's General Store.
 37935 | Orc:2    | Reached skill level 10 in Invocations
 38134 | Orc:2    | Reached skill level 19 in Spellcasting
 38134 | Orc:2    | Reached XP level 15. HP: 64/64 MP: 29/40
 38871 | Orc:2    | Found Iwuxt's Jewellery Boutique.
 38871 | Orc:2    | Found Ladeah's Antique Weapon Shop.
 38872 | Orc:2    | Found a one-way gate leading to the halls of Pandemonium.
 38905 | Orc:2    | Bought the +8 morningstar "Gepsy" {vorpal, rPois Will+} for
                  | 753 gold pieces
 38935 | Orc:2    | Bought an amulet of reflection for 300 gold pieces
 38935 | Orc:2    | Bought a +6 ring of intelligence for 360 gold pieces
 39604 | D:13     | Learned a level 8 spell: Lehudib's Crystal Spear
 39707 | D:13     | Reached skill level 1 in Earth Magic
 40662 | D:13     | Identified a scroll of acquirement
 40664 | D:13     | Acquired 866 gold pieces
 42372 | D:13     | Found a gate to the Vaults.
 42472 | D:14     | Found Gevuy's Weapon Emporium.
 42479 | D:14     | Noticed Rupert
 43588 | D:14     | Killed Rupert
 43677 | D:14     | Found a sacrificial altar of Ru.
 43683 | D:14     | Noticed Nessos
 43697 | D:14     | Killed Nessos
 44019 | D:14     | Reached skill level 20 in Spellcasting
 44023 | D:14     | Reached skill level 5 in Earth Magic
 44183 | D:14     | Noticed Agnes
 44192 | D:14     | Killed by an exploding fulminant prism

Illustrated notes

Levels and vault maps discovered:
D:1:      minmay_arrival_checkered_box, layout_loops_cross, serial_shops,
          nicolae_shop_stone
D:2:      layout_basic, basic_ecumenical_altar, uniq_natasha
D:3:      layout_loops_cross, mainiacjoe_overflow_catch_the_wave,
          ebering_ghost_sewer_f, minmay_misc_feat_diagonals, st_stairs_3,
          hangedman_decor_growths, uniq_terence, uniq_sigmund
D:4:      layout_layer_cave, minmay_temple_entry_gardened_gates,
          hangedman_abyss_or_decor_stabs, minmay_unequal
D:5:      layout_gridville, serial_bayou_pond_d
D:6:      layout_basic, st_stairs_12
D:7:      layout_loops_ring, gammafunk_ghost_gnarly_gnolls,
          uniq_crazy_yiuf_cottage, uniq_menkaure
D:8:      layout_basic, dpeg_oklobed_lair, serial_shops, shop, uniq_erica
D:9:      layout_gridville, serial_shops, nicolae_shop_overgrown_old_shop,
          minmay_st_funbox, hellmonk_scale_shop, uniq_pikel, uniq_joseph
D:10:     layout_roguey
D:11:     layout_roguey, uniq_psyche
D:12:     minmay_the_grid_square_5x5_4x4_mashed [minmay_the_grid_square_5x5_six,
          minmay_the_grid_square_5x5_seven,
          minmay_the_grid_square_5x5_doubleslash,
          minmay_the_grid_square_5x5_checkered_statues,
          minmay_the_grid_square_5x5_forky,
          minmay_the_grid_square_5x5_prize_monsterx,
          minmay_the_grid_square_5x5_prize_open, minmay_the_grid_square_5x5_z,
          minmay_the_grid_square_5x5_spiral_small,
          minmay_the_grid_square_5x5_prize_deathbox,
          minmay_the_grid_square_5x5_prize_waves,
          minmay_the_grid_square_5x5_three, minmay_the_grid_square_5x5_mess,
          minmay_the_grid_square_5x5_six_small, minmay_the_grid_square_5x5_plus,
          minmay_the_grid_square_5x5_misaligned], layout_basic,
          david_orc_1_choice
D:13:     layout_roguey, hangedman_vaults_entry_quadrant_bands
D:14:     layout_irregular_city, serial_glass, glass_columns_a, glass_columns_a,
          ebering_ghost_disaster_area, minmay_misc_feat_tiny, serial_shops,
          nicolae_shop_bloodbath_and_beyond,
          nicolae_ru_great_annihilating_truth, uniq_nessos, uniq_rupert,
          uniq_agnes
Temple:   nicolae_temple_slightly_damp_pantheon
Lair:1:   layout_loops_ring
Lair:2:   layout_chaotic_city, swamp_mist_pool, basic_altar,
          columned_hall_lemuel, nicolae_lair_grazing_beasts
          [nicolae_sub_lair_graze_edge, nicolae_sub_lair_graze_edge,
          nicolae_sub_lair_graze_edge, nicolae_sub_lair_graze_edge]
Lair:3:   layout_layer_cave, nicolae_spider_entry_orb_guardian,
          chequers_serial_rivers_micro_d, serial_bayou_shore_b,
          grunt_megastairs_3, uniq_gastronok, uniq_josephine
Lair:4:   layout_cave_pods, ebering_ghost_inner_flame, serial_bayou_pond_a,
          chequers_serial_rivers_marsh, lemuel_old_faithful
Lair:5:   evilmike_catoblepas_cave, layout_misc_corridors, slime_entry_2
Orc:1:    layout_caves, basic_altar, serial_shops, nicolae_lakefront_shop
Orc:2:    pf_orc_diabolical, layout_caves, basic_altar, led_sif_book

Skill      XL: |  1  2  3  4  5  6  7  8  9 10 11 12 13 14 15 |
---------------+----------------------------------------------+-----
Dodging        | 3 4 5 6 7 |  7.9
Spellcasting   | 4 5 6 7 9 11 13 14 16 17 19 20 | 20.0
Conjurations   | 5 6 7 8 10 11 12 14 15 16 17 | 17.5
Hexes          | 3 6 9 11 14 15 16 | 16.7
Invocations    | 5 7 10 | 10.5
Air Magic      | 3 |  3.8
Earth Magic    | 5 |  5.1
Stealth        | |  2.4

Action                   |  1- 3 |  4- 6 |  7- 9 | 10-12 | 13-15 || total
-------------------------+-------+-------+-------+-------+-------++-------
Melee: Dagger            |     2 |    19 |       |       |       ||    21
       Falchion          |       |       |     3 |       |       ||     3
       Scimitar          |       |       |     7 |    20 |    74 ||   101
       Morningstar       |       |       |       |       |    16 ||    16
 Cast: Magic Dart        |    60 |    84 |    87 |    25 |    12 ||   268
       Searing Ray       |     1 |     7 |    43 |    78 |   140 ||   269
       Fulminant Prism   |       |       |     1 |    54 |    45 ||   100
       Lightning Bolt    |       |       |       |     5 |   184 ||   189
       Irradiate         |       |       |       |     2 |     6 ||     8
       Iskenderun's Myst |       |       |       |     1 |     3 ||     4
       Dazzling Flash    |       |       |       |     1 |       ||     1
       Slow              |       |       |       |       |     1 ||     1
Invok: Ancestor Identity |       |       |     1 |     1 |       ||     2
       Ancestor Life: Kn |       |       |     1 |       |       ||     1
       Transference      |       |       |       |     2 |     1 ||     3
       Recall Ancestor   |       |       |       |     2 |    11 ||    13
       Idealise          |       |       |       |       |     1 ||     1
Evoke: Wand              |       |       |       |       |     5 ||     5
  Use: Scroll            |       |     7 |     1 |     6 |    14 ||    28
       Potion            |       |     1 |       |     4 |     6 ||    11
 Stab: Sleeping          |     1 |       |       |       |       ||     1
       Distracted        |       |       |       |       |     3 ||     3
Armor: Robe              |     2 |    11 |       |       |       ||    13
       Leather armour    |       |       |     7 |    40 |    99 ||   146
Dodge: Dodged            |     4 |    24 |    25 |    73 |   179 ||   305
Block: Other             |       |       |       |       |    15 ||    15
       Reflection        |       |       |       |       |     2 ||     2
